 Dungeon Crawl Stone Soup version 0.30-a0-451-ge042605de7 (webtiles) character file.

Game seed: 7276948530896287123

169 AigisTheKnight the Digger (level 5, -3/31 HPs)
             Began as a Gargoyle Earth Elementalist on Dec 12, 2022.
             Slain by a wyvern (8 damage)
             ... on level 4 of the Dungeon.
             The game lasted 00:03:24 (3003 turns).

AigisTheKnight the Digger (GrEE)                    Turns: 3003, Time: 00:03:24

Health: -3/31      AC:  7    Str: 12    XL:     5   Next: 50%
Magic:  7/9        EV: 12    Int: 17    God:
Gold:   167        SH:  0    Dex: 10    Spells: 9/10 levels left

rFire   . . .      SeeInvis .    n - +3 spear
rCold   . . .      Faith    .    (no shield)
rNeg    + . .      Spirit   .    a - +0 robe
rPois   ∞          Reflect  .    (no helmet)
rElec   +          Harm     .    (no cloak)
rCorr   .          Rampage  .    (no gloves)
Will    .....                    l - +0 pair of boots
Stlth   ++........               h - amulet of magic regeneration
HPRegen 0.25/turn                (no ring)
MPRegen 0.51/turn                (no ring)

@: no status effects
A: sickness immunity, AC +4, negative energy resistance 1, electricity
resistance, torment resistance 1, petrification resistance
a: no special abilities


You were on level 4 of the Dungeon.
You visited 1 branch of the dungeon, and saw 4 of its levels.

You collected 167 gold pieces.

Inventory:

Hand Weapons
 m - a +0 whip
 n - a +3 spear (weapon)
 w - a +0 long sword of holy wrath
Missiles
 i - a throwing net
Armour
 a - a +0 robe (worn)
 l - a +0 pair of boots (worn)
Jewellery
 h - an amulet of magic regeneration (around neck)
 p - a ring of fire
 s - a ring of fire
Scrolls
 e - 3 scrolls of identify {unknown}
 f - a scroll of fog {unknown}
 g - 4 scrolls of teleportation {unknown}
 j - a scroll of immolation {unknown}
 k - 3 scrolls of fear {unknown}
 o - a scroll of poison {unknown}
 r - a scroll of brand weapon {unknown}
 u - a scroll of vulnerability {unknown}
 v - a scroll of noise {unknown}
Potions
 b - a potion of magic
 c - a potion of mutation {unknown}
 d - a potion of haste {unknown}
 q - a potion of curing {unknown}
 t - a potion of degeneration {unknown}


   Skills:
 + Level 2.4 Fighting
 + Level 2.6 Dodging
 - Level 2.1 Stealth
 + Level 3.1 Spellcasting
 - Level 0.7 Transmutations
 + Level 4.8 Earth Magic


You had 9 spell levels left.
You knew the following spells:

 Your Spells              Type           Power      Damage    Failure   Level
a - Sandblast             Erth           38%        2d10      2%          1

Your spell library contained the following spells:

 Spells                   Type           Power      Damage    Failure   Level
 Passwall                 Tmut/Erth      10%        N/A       9%          2
 Stone Arrow              Conj/Erth      20%        3d8       19%         3
 Petrify                  Tmut/Erth      12%        N/A       50%         4


Dungeon Overview and Level Annotations

Branches:
Dungeon (4/15)
 Temple: D:4-7

Altars:
Ru


Innate Abilities, Weirdness & Mutations

You are immune to sickness and miasma.
Your stone body is resilient. (AC +4)
You are immune to poison.
You resist negative energy. (rN+)
You are resistant to electric shocks. (rElec)
You are resistant to unholy torment.
You are immune to petrification.


Message History

The blast of sand hits the wyvern.
The wyvern is moderately wounded.
The wyvern bites you!
Unknown command.
Casting: Sandblast (safe; 2% risk of failure)
Confirm with . or Enter, or press ? or * to list all spells.
Aiming: Sandblast (safe; 2% risk of failure)
Press: ? - help, Shift-Dir - straight line, f/p - wyvern
Aim: a wyvern (moderately wounded, 82% to hit)
The blast of sand hits the wyvern but does no damage.
The wyvern is moderately wounded.
The wyvern barely misses you. The wyvern bites you.
The wyvern closely misses you.
Casting: Sandblast (safe; 2% risk of failure)
Confirm with . or Enter, or press ? or * to list all spells.
Aiming: Sandblast (safe; 2% risk of failure)
Press: ? - help, Shift-Dir - straight line, f/p - wyvern
Aim: a wyvern (moderately wounded, 82% to hit)
The blast of sand hits the wyvern but does no damage.
The wyvern is moderately wounded.
The wyvern bites you! The wyvern barely misses you.
Unknown command.
Casting: Sandblast (safe; 2% risk of failure)
Confirm with . or Enter, or press ? or * to list all spells.
Aiming: Sandblast (safe; 2% risk of failure)
Press: ? - help, Shift-Dir - straight line, f/p - wyvern
Aim: a wyvern (moderately wounded, 82% to hit)
The blast of sand hits the wyvern!
The wyvern is severely wounded.
The wyvern closely misses you. The wyvern bites you!
* * * LOW HITPOINT WARNING * * *
Casting: Sandblast (safe; 2% risk of failure)
Confirm with . or Enter, or press ? or * to list all spells.
Aiming: Sandblast (safe; 2% risk of failure)
Press: ? - help, Shift-Dir - straight line, f/p - wyvern
Aim: a wyvern (severely wounded, 82% to hit)
The blast of sand hits the wyvern.
The wyvern is severely wounded.
The wyvern bites you!
You die...

##.. ###..# ##..###
###...... # ##..#..<..
##. ###..##..... ##..<##
##..###^.....
#......#####..###.....(.
......l@##...## ##......
####.......### #......
#######..### ##.....
##...## #..... ##...#
##.... ##....##
##......## #........##
##........$##


You could see a wyvern.

Vanquished Creatures
  A jelly (D:3)
  3 gnolls
  5 adders
  3 worms
  5 orcs
  7 bats
  2 endoplasms
  2 giant cockroaches
  5 hobgoblins
  2 quokkas
  4 ball pythons
  2 frilled lizards
  5 goblins
  3 kobolds (D:1)
  7 rats
56 creatures vanquished.

Notes
Turn   | Place    | Note
-------+----------+-------------------------------------------
     0 | D:1      | AigisTheKnight the Gargoyle Earth Elementalist began the
                  | quest for the Orb.
     0 | D:1      | Reached XP level 1. HP: 10/10 MP: 3/3
   361 | D:1      | Reached XP level 2. HP: 15/16 MP: 1/5
  1004 | D:2      | Reached skill level 1 in Fighting
  1004 | D:2      | Reached skill level 4 in Earth Magic
  1004 | D:2      | Reached XP level 3. HP: 9/20 MP: 0/6
  1501 | D:2      | Reached XP level 4. HP: 25/25 MP: 5/7
  2235 | D:3      | Reached XP level 5. HP: 30/30 MP: 7/9
  2625 | D:3      | Found a sacrificial altar of Ru.
  2994 | D:4      | Noticed a wyvern
  3003 | D:4      | Slain by a wyvern

Illustrated notes

Levels and vault maps discovered:
D:1:      elethiomel_arrival_quiet, layout_loops_ring, st_stairs_7
D:2:      layout_basic
D:3:      layout_loops_corners, nicolae_ru_the_path_less_chosen, minivault_26
D:4:      layout_cave_pods, enter_ossuary_1, minmay_misc_feat_roman

Skill      XL: |  1  2  3  4  5 |
---------------+----------------+-----
Fighting       | 1 2 |  2.4
Dodging        | 2 |  2.6
Earth Magic    | 4 |  4.8
Spellcasting   | 3 |  3.1
Stealth        | |  2.1
Transmutations | |  0.7

Action                   |  1- 3 |  4- 6 || total
-------------------------+-------+-------++-------
Melee: Spear             |    11 |    12 ||    23
       Punch             |     1 |       ||     1
 Cast: Sandblast         |    36 |    46 ||    82
 Stab: Sleeping          |     1 |     1 ||     2
Armor: Robe              |     5 |     9 ||    14
Dodge: Dodged            |    12 |    17 ||    29

Table legend: (Time is in decaauts)
 A = Elapsed time spent in this place.
 B = Non-inter-level travel time spent in this place.
 C = Inter-level travel time spent in this place.
 D = Time resting spent in this place.
 E = Time spent auto-exploring this place.
 F = Levels seen in this place.
 G = Mean time per level.
                   A        B        C        D        E       F      G
               +--------+--------+--------+--------+--------+-----+--------+
         Total |   3046 |   2811 |    235 |    118 |   2318 |   4 |  761.5 |
       Dungeon |   3046 |   2811 |    235 |    118 |   2318 |   4 |  761.5 |
               +--------+--------+--------+--------+--------+-----+--------+

Top non-repeatable levels by time:
     D:1: 1129 daAuts
     D:3: 1024 daAuts
     D:2: 822 daAuts
     D:4: 70 daAuts
